 Dungeon Crawl Stone Soup version 0.28-a0-973-ga7f8b01127 (webtiles) character file.

Game seed: 3315834239219309468

1101 bearlyready the Arsonist (level 8, -3/61 HPs)
             Began as a Deep Elf Fire Elementalist on Dec 1, 2021.
             Was an Initiate of Gozag.
             Slain by a gargoyle (4 damage)
             ... on level 5 of the Dungeon.
             The game lasted 00:10:22 (5031 turns).

bearlyready the Arsonist (DEFE)                     Turns: 5031, Time: 00:10:23

Health: -3/61      AC: 24    Str:  5    XL:     8   Next: 10%
Magic:  14/14      EV:  2    Int: 23    God:    Gozag
Gold:   476        SH:  0    Dex: 15    Spells: 6/13 levels left

rFire   + . .      SeeInvis .   i - +2 short sword (flame)
rCold   . . .      Faith    .   (no shield)
rNeg    . . .      Spirit   .   (armour currently unavailable)
rPois   +          Reflect  .   (helmet currently unavailable)
rElec   .          Harm     .   (cloak currently unavailable)
rCorr   .          Rampage  .   (gloves currently unavailable)
Will    .....      NoTele   +   (boots currently unavailable)
Stlth   ++........              b - amulet "Emaastep" {RegenMP rF+}
HPRegen 0.20/turn               k - ring of flight
MPRegen 0.54/turn               (no ring)

@: tree-form (expiring), gold aura
A: stationary, stasis, torment immunity, boosted hp
a: Renounce Religion, Potion Petition, Call Merchant, Bribe Branch


You were on level 5 of the Dungeon.
You worshipped Gozag.
Gozag was aware of your devotion.
You were a tree.
You visited 1 branch of the dungeon, and saw 5 of its levels.

You collected 567 gold pieces.
You spent 60 gold pieces at shops.
You paid 31 gold pieces to Gozag.

Inventory:

Hand Weapons
 d - a +0 hunting sling
 f - a +0 dagger
 i - a +2 short sword of flaming (weapon)
Missiles
 g - 116 stones
 o - 72 sling bullets
 s - 23 poisoned darts
Armour
 a - a +0 robe (melded)
 r - a +0 helmet (melded)
 t - a +0 pair of gloves (melded)
 x - a +0 kite shield
Jewellery
 b - the amulet "Emaastep" (around neck) {RegenMP rF+}
   (You acquired it on level 3 of the Dungeon)

   [amulet of magic regeneration]

   It increases your rate of magic regeneration.
   rF:        It protects you from fire.
 k - a ring of flight (left branch)
Scrolls
 c - 3 scrolls of fog
 e - a scroll of amnesia
 h - a scroll of blinking
 l - a scroll of vulnerability {unknown}
 n - 2 scrolls of teleportation
 q - 3 scrolls of immolation {unknown}
 u - a scroll of magic mapping {unknown}
Potions
 j - a potion of magic
 m - 2 potions of might


   Skills:
 - Level 2.4 Dodging
 - Level 2.4 Stealth
 - Level 3.0 Spellcasting
 + Level 7.2 Conjurations
 - Level 2.0 Necromancy
 + Level 8.0 Fire Magic


You had 6 spell levels left.
You knew the following spells:

 Your Spells              Type           Power      Damage    Failure   Level
a - Foxfire               Conj/Fire      100%       2x1d9     1%          1
b - Scorch                Fire           80%        2d9       1%          2
c - Pain                  Necr           48%        1d6       4%          1
d - Conjure Flame         Conj/Fire      38%        6-21      1%          3

Your spell library contained the following spells:

 Spells                   Type           Power      Damage    Failure   Level
 Flame Wave               Conj/Fire      38%        2d7       4%          4
 Inner Flame              Hex/Fire       21%        N/A       7%          3
 Agony                    Necr           12%        N/A       80%         5
 Excruciating Wounds      Necr           6%         N/A       80%         5


Dungeon Overview and Level Annotations

Branches:
Dungeon (5/15)             Temple (0/1) D:5

Altars:
Cheibriados
Gozag
Hepliaklqana
Okawaru
Vehumet
Wu Jian
Yredelemnul
The Shining One

Shops:
D:3 ??

Portals:
Abyss: D:4

Annotations:
D:4 2 transporters, Kae's ghost, amateur MiHu


Message History

Confirm with . or Enter, or press ? or * to list all spells.
Flames lash the gargoyle.
The gargoyle is burned terribly!
The gargoyle is almost destroyed.
The gargoyle hits you with a +0 mace!
Casting: Scorch (safe; 1% risk of failure)
Confirm with . or Enter, or press ? or * to list all spells.
Flames lash the gargoyle.
The gargoyle is almost destroyed.
Your transformation is almost over.
The gargoyle is distracted by your dazzling golden aura.
Press: ? - help, v - describe, . - travel, g - get item
Here: a gargoyle, wielding a +0 mace (almost destroyed, unaware, more vulnerable to fire, hasn't noticed you)
Items here: 16 gold pieces; a potion of might.
The floor.
Unknown command.
Casting: Scorch (safe; 1% risk of failure)
Confirm with . or Enter, or press ? or * to list all spells.
You don't have enough magic to cast this spell.
You hit the gargoyle but do no damage.
The gargoyle is no longer distracted by gold.
The gargoyle is almost destroyed.
The gargoyle hurls a stone arrow at you.
The stone arrow hits you!!
* * * LOW HITPOINT WARNING * * *
You feel better.
The gargoyle hurls a stone arrow at you.
The stone arrow hits you but does no damage.
Casting: Scorch (safe; 1% risk of failure)
Confirm with . or Enter, or press ? or * to list all spells.
Flames lash the gargoyle but do no damage.
The gargoyle is no longer more vulnerable to fire.
The gargoyle completely misses you.
You hit the gargoyle but do no damage.
The gargoyle is almost destroyed.
The gargoyle hurls a stone arrow at you.
The stone arrow hits you!
* * * LOW HITPOINT WARNING * * *
Magic courses through your body. The gargoyle hits you with a +0 mace.
You die...
Your body crumbles into a pile of gold.

..........###...##..............
.#.........#...........#...###..
#....<........#.....###....## ##.
..#...........#####..##....#####.
..#............# #..##......(....
..########..########.......######
..# #..#..'(.[#.......# .#
#..#..#9:(#......##
#..#..#♣.$##.##.## .
#..#..######..#.# .
#..#......#....#### #
#..#......#.......##
.J#####..#####..#.##.....#
##......#..#......#.##########
#.#l.....#..#......#..#.......#
..#####..#..#.)#####..#.>.#.>.#
#.# ....l#..#......#..#.......


You could see a gargoyle.

Vanquished Creatures
  Eustachio (D:5)
  An acid dragon (D:5)
  A black bear (D:4)
  An ogre (D:5)
  A bullfrog (D:4)
  A scorpion (D:5)
  2 hounds
  A bullfrog skeleton (D:4)
  A bullfrog zombie (D:5)
  A centaur skeleton (D:4)
  A jelly (D:5)
  Terence (D:3)
  An iguana (D:5)
  Natasha (thrice) (D:3)
  A scorpion zombie (D:5)
  Robin (D:3)
  6 adders
  4 gnolls (D:5)
  A howler monkey skeleton (D:5)
  3 white imps (D:5)
  An ufetubus (D:5)
  2 adder skeletons (D:4)
  A worm (D:4)
  5 dart slugs
  3 orcs
  5 ball pythons
  5 endoplasms
  3 giant cockroaches
  11 goblins
  11 hobgoblins
  5 jackals
  A quokka (D:4)
  4 bats
  2 frilled lizards (D:1)
  2 goblin skeletons (D:5)
  5 hobgoblin zombies (D:5)
  8 kobolds
  2 kobold skeletons (D:5)
  2 kobold zombies (D:5)
  An orc skeleton (D:5)
  An orc zombie (D:5)
  5 rats
118 creatures vanquished.

Vanquished Creatures (others)
  471 foxfires
471 creatures vanquished.

Grand Total: 589 creatures vanquished

Notes
Turn   | Place    | Note
-------+----------+-------------------------------------------
     0 | D:1      | bearlyready the Deep Elf Fire Elementalist began the quest
                  | for the Orb.
     0 | D:1      | Reached XP level 1. HP: 10/10 MP: 6/6
   244 | D:1      | Reached XP level 2. HP: 15/15 MP: 4/8
   640 | D:1      | Reached skill level 4 in Fire Magic
   691 | D:1      | Reached XP level 3. HP: 19/19 MP: 4/9
  1222 | D:2      | Found a faded altar of an unknown god.
  2405 | D:3      | Identified a scroll of acquirement
  2407 | D:3      | Acquired the amulet "Emaastep" {RegenMP rF+}
  2426 | D:3      | Learned a level 2 spell: Scorch
  2428 | D:3      | Learned a level 1 spell: Pain
  2432 | D:3      | Learned a level 3 spell: Conjure Flame
  2455 | D:3      | Found Deired's Magic Scroll Shop.
  2455 | D:3      | Found Jochumuq's Magic Scroll Shop.
  2470 | D:3      | Bought a scroll of fog for 20 gold pieces
  2470 | D:3      | Bought a scroll of identify for 20 gold pieces
  2470 | D:3      | Bought a scroll of identify for 20 gold pieces
  2504 | D:3      | Noticed Robin
  2507 | D:3      | Reached XP level 4. HP: 15/24 MP: 5/10
  2690 | D:3      | Killed Robin
  2691 | D:3      | Reached skill level 1 in Necromancy
  2847 | D:3      | Noticed Natasha
  2861 | D:3      | Killed Natasha
  2886 | D:3      | Found an ornate altar of the Wu Jian Council.
  3072 | D:3      | Found an opulent altar of Gozag.
  3102 | D:3      | Found a snail-covered altar of Cheibriados.
  3138 | D:3      | Became a worshipper of Gozag Ym Sagoz the Greedy
  3173 | D:3      | Noticed Natasha
  3179 | D:3      | Killed Natasha
  3180 | D:3      | Reached XP level 5. HP: 24/28 MP: 7/11
  3252 | D:3      | Noticed Natasha
  3259 | D:3      | Killed Natasha
  3260 | D:3      | Reached skill level 5 in Fire Magic
  3582 | D:3      | Noticed Terence
  3628 | D:3      | Killed Terence
  3721 | D:4      | Noticed a black bear
  3726 | D:4      | Killed a black bear
  3727 | D:4      | Reached XP level 6. HP: 23/32 MP: 9/12
  3935 | D:4      | Found a one-way gate to the infinite horrors of the Abyss.
  3935 | D:4      | Noticed Kae's ghost (amateur MiHu)
  4007 | D:4      | Reached skill level 6 in Fire Magic
  4030 | D:4      | Reached skill level 5 in Conjurations
  4324 | D:4      | Found a transporter.
  4325 | D:4      | Found a transporter.
  4326 | D:4      | Noticed an ancient zyme
  4364 | D:5      | Entered Level 5 of the Dungeon
  4380 | D:5      | Reached XP level 7. HP: 36/36 MP: 10/13
  4479 | D:5      | Noticed Eustachio
  4492 | D:5      | Killed Eustachio
  4493 | D:5      | Reached skill level 7 in Fire Magic
  4520 | D:5      | Found a basalt altar of Yredelemnul.
  4521 | D:5      | Found an iron altar of Okawaru.
  4522 | D:5      | Found a radiant altar of Vehumet.
  4523 | D:5      | Found a hazy altar of Hepliaklqana.
  4618 | D:5      | Found a glowing golden altar of the Shining One.
  4688 | D:5      | Found a staircase to the Ecumenical Temple.
  5007 | D:5      | Noticed a gargoyle
  5022 | D:5      | Reached skill level 8 in Fire Magic
  5022 | D:5      | Reached XP level 8. HP: 41/41 MP: 8/14
  5027 | D:5      | HP: 2/61 [gargoyle/stone arrow (19)]
  5031 | D:5      | Slain by a gargoyle

Illustrated notes

Levels and vault maps discovered:
D:1:      dpeg_arrival_chambers_temple_mockup, layout_basic
D:2:      layout_basic, ebering_ecumenical_altar_ruins
D:3:      layout_basic, mainiacjoe_overflow_24_doors, lemuel_crystal_altar,
          lemuel_doored_altar, serial_shops, nicolae_shop_hallway_plus,
          shop_scrolls, uniq_terence, uniq_robin, uniq_natasha
D:4:      layout_rooms, gammafunk_ghost_abyssal_escape, hex_tiny
D:5:      kennysheep_windowed_halls, layout_cave_pools,
          nicolae_tso_besieged_by_evil, mainiacjoe_overflow_alcove_3,
          minmay_temple_entry_from_below_a, uniq_eustachio

Skill      XL: |  1  2  3  4  5  6  7 |
---------------+----------------------+-----
Conjurations   | 2 3 4 5 7 |  7.2
Fire Magic     | 4 5 6 8 |  8.0
Necromancy     | 2 |  2.0
Dodging        | |  2.4
Stealth        | |  2.4
Spellcasting   | |  3.0

Action                   |  1- 3 |  4- 6 |  7- 9 || total
-------------------------+-------+-------+-------++-------
Melee: Dagger            |     6 |       |       ||     6
       Short sword       |    11 |     8 |     6 ||    25
 Cast: Foxfire           |    83 |   110 |    89 ||   282
       Conjure Flame     |       |     1 |       ||     1
       Pain              |       |     1 |       ||     1
       Scorch            |       |       |     9 ||     9
  Use: Scroll            |     6 |       |     2 ||     8
       Potion            |       |       |     5 ||     5
 Stab: Sleeping          |     1 |       |     1 ||     2
Armor: Robe              |     7 |     3 |     8 ||    18
       Skin              |       |       |     5 ||     5
Dodge: Dodged            |    17 |    10 |    19 ||    46

Table legend: (Time is in decaauts)
 A = Elapsed time spent in this place.
 B = Non-inter-level travel time spent in this place.
 C = Inter-level travel time spent in this place.
 D = Time resting spent in this place.
 E = Time spent auto-exploring this place.
 F = Levels seen in this place.
 G = Mean time per level.
                   A        B        C        D        E       F      G
               +--------+--------+--------+--------+--------+-----+--------+
         Total |   5037 |   4900 |    137 |    158 |   3854 |   5 | 1007.4 |
       Dungeon |   5037 |   4900 |    137 |    158 |   3854 |   5 | 1007.4 |
               +--------+--------+--------+--------+--------+-----+--------+

Top non-repeatable levels by time:
     D:2: 1348 daAuts
     D:1: 1199 daAuts
     D:3: 1149 daAuts
     D:4: 672 daAuts
     D:5: 667 daAuts
